 Dungeon Sprint DCSS version 0.20.1-1-g8b1a95d (webtiles) character file.

1082 Jukra the Grappler (level 8, -2/88 HPs)
             Began as a Troll Monk on Aug 7, 2017.
             Slain by a demonic crawler (8 damage)
             ... in the Dungeon (Sprint I: "Red Sonja").
             The game lasted 00:03:44 (175 turns).

Jukra the Grappler (Troll Monk)                      Turns: 175, Time: 00:03:45

Health: -2/88      AC:  5    Str: 22    XL:     8   Next: 8%
Magic:  7/7        EV: 14    Int:  6    God:
Gold:   216        SH:  0    Dex: 12    Spells: 7/7 levels left

rFire    . . .     SeeInvis .     - Unarmed
rCold    . . .     Gourm    +   (no shield)
rNeg     . . .     Faith    .   a - +0 robe
rPois    .         Spirit   .   (helmet restricted)
rElec    .         Reflect  .   (no cloak)
rCorr    .         Harm     .   (gloves unavailable)
MR       .....     NoTele   +   (boots unavailable)
Stlth    ++........             (no amulet)
Regen    0.7/turn               (no ring)
MPRegen  0.1/turn               (no ring)

@: no status effects
A: unfitting armour, claws 3, fast metabolism 3, gourmand, regeneration 1,
shaggy fur 1, tough skin 2
a: no special abilities


You were in the Dungeon.
You were full.

You visited 1 branch You collected 216 gold pieces.

Inventory:

Hand Weapons
 j - a +0 scythe
Armour
 a - a +0 robe (worn)
 k - a +0 robe
Wands
 i - a wand of polymorph (13/24)
Scrolls
 h - a scroll of blinking
Potions
 c - a potion of curing
 e - a potion of haste
 f - 2 potions of magic
 g - a potion of berserk rage
Comestibles
 b - 2 bread rations


   Skills:
 + Level 8.2 Fighting
 + Level 8.3 Dodging
 + Level 2.5 Stealth
 + Level 11.6 Unarmed Combat


You had 7 spell levels left.
You didn't know any spells.

Dungeon Overview and Level Annotations

Branches:
Dungeon (1/1)

Altars:
Makhleb
Xom
Jiyva
Lugonu


Innate Abilities, Weirdness & Mutations

You are too large for most types of armour.
You have claws for hands.
Your metabolism is lightning-fast.
You like to eat raw meat.
Your natural rate of healing is unusually fast.
You are covered in fur. (AC +1)
You have very tough skin. (AC +2)


Message History

4 demonic crawlers come into view.
The demonic crawler gives a hideous shriek! x2
You claw the demonic crawler!
The demonic crawler is moderately wounded.
The demonic crawler hits you.
The demonic crawler completely misses you.
The demonic crawler hits you.
You claw the demonic crawler!
The demonic crawler is heavily wounded.
The demonic crawler hits you but does no damage.
The demonic crawler hits you. The demonic crawler hits you!
* * * LOW HITPOINT WARNING * * *
You claw the demonic crawler!
The demonic crawler is severely wounded.
The demonic crawler hits you!
* * * LOW HITPOINT WARNING * * *
The demonic crawler hits you!
* * * LOW HITPOINT WARNING * * *
The demonic crawler hits you!
You die...

##################
.#..'..#__#..)...#
.'..#..'^.'..#...##+#
+#####+#__####..@sss#
#### #####s.+ ##


You could see 4 demonic crawlers.

Vanquished Creatures
  2 kobold demonologists (D)
  A slime creature (D)
  Sigmund (D)
  A floating eye (D)
  An ogre (D)
  Ijyb (D)
7 creatures vanquished.

Notes
Turn   | Place    | Note
-------+----------+-------------------------------------------
     0 | D        | Jukra the Troll Monk began the quest for the Orb.
     0 | D        | Reached XP level 1. HP: 22/22 MP: 0/0
     1 | D        | Noticed Ijyb
    12 | D        | Killed Ijyb
    12 | D        | Reached skill level 4 in Unarmed Combat
    12 | D        | Reached XP level 2. HP: 32/32 MP: 1/1
    15 | D        | Noticed an ogre
    25 | D        | Killed an ogre
    25 | D        | Reached skill level 5 in Fighting
    25 | D        | Reached skill level 6 in Unarmed Combat
    25 | D        | Reached XP level 3. HP: 8/42 MP: 2/2
    25 | D        | Reached XP level 4. HP: 10/50 MP: 3/3
    99 | D        | Noticed Sigmund
   106 | D        | Killed Sigmund
   106 | D        | Reached skill level 8 in Unarmed Combat
   106 | D        | Reached XP level 5. HP: 51/59 MP: 4/4
   121 | D        | Found a burning altar of Makhleb.
   121 | D        | Found a viscous altar of Jiyva.
   121 | D        | Found a shimmering altar of Xom.
   121 | D        | Found a corrupted altar of Lugonu.
   121 | D        | Noticed a slime creature
   129 | D        | Killed a slime creature
   129 | D        | Reached skill level 9 in Unarmed Combat
   129 | D        | Reached XP level 6. HP: 55/71 MP: 5/5
   147 | D        | Noticed a kobold demonologist
   147 | D        | Noticed a floating eye
   148 | D        | Noticed a kobold demonologist
   149 | D        | Killed a floating eye
   149 | D        | Reached XP level 7. HP: 74/78 MP: 6/6
   150 | D        | Noticed a red devil
   152 | D        | Noticed a neqoxec
   154 | D        | Killed a kobold demonologist
   154 | D        | Reached skill level 10 in Unarmed Combat
   159 | D        | Noticed an orange demon
   167 | D        | Killed a kobold demonologist
   167 | D        | Reached skill level 11 in Unarmed Combat
   167 | D        | Reached XP level 8. HP: 37/88 MP: 7/7
   172 | D        | Noticed a demonic crawler
   172 | D        | Noticed a demonic crawler
   172 | D        | Noticed a demonic crawler
   172 | D        | Noticed a demonic crawler
   175 | D        | Slain by a demonic crawler

Skill      XL: |  1  2  3  4  5  6  7 |
---------------+----------------------+-----
Fighting       | 3 5 6 7 8 |  8.2
Dodging        | 3 4 6 7 8 |  8.3
Unarmed Combat | 4 6 8 9 11 | 11.6
Stealth        | 2 |  2.5

Action                   |  1- 3 |  4- 6 |  7- 9 || total
-------------------------+-------+-------+-------++-------
Melee: Unarmed           |    18 |    13 |    18 ||    49
       Punch             |       |     1 |     2 ||     3
  Use: Potion            |       |       |     1 ||     1
 Stab: Sleeping          |       |     1 |       ||     1
  Eat: Chunk             |       |     4 |       ||     4
Armor: Robe              |     3 |     2 |     4 ||     9
Dodge: Dodged            |     8 |     3 |     7 ||    18
